 Dungeon Crawl Stone Soup version 0.29.1-15-g9cfb28693d (webtiles) character file.

Game seed: 1134723296055279544

928 Ast3rio the Poker (level 7, -5/64 HPs)
             Began as a Minotaur Berserker on Mar 27, 2023.
             Was a Priest of Trog.
             Slain by an ogre
             ... wielding a +0 giant club
              (12 damage)
             ... on level 5 of the Dungeon.
             The game lasted 00:05:29 (4704 turns).

Ast3rio the Poker (Minotaur Berserker)              Turns: 4704, Time: 00:05:30

Health: -5/64      AC:  4    Str: 23    XL:     7   Next: 85%
Magic:  6/6        EV: 12    Int:  4    God:    Trog [***...]
Gold:   255        SH:  0    Dex: 10    Spells: 6/6 levels left

rFire   . . .      SeeInvis .   s - +0 short sword (venom)
rCold   . . .      Faith    .   (no shield)
rNeg    . . .      Spirit   .   k - +1 leather armour {Will+}
rPois   .          Reflect  .   (helmet restricted)
rElec   .          Harm     .   (no cloak)
rCorr   .          Rampage  .   (no gloves)
Will    +....                   (no boots)
Stlth   +.........              (no amulet)
HPRegen 0.20/turn               (no ring)
MPRegen 0.10/turn               (no ring)

@: no status effects
A: horns 2, retaliatory headbutt
a: Renounce Religion, Berserk, Trog's Hand


You were on level 5 of the Dungeon.
You worshipped Trog.
Trog was most pleased with you.
You visited 1 branch of the dungeon, and saw 5 of its levels.
You also visited: Sewer.

You collected 255 gold pieces.

Inventory:

Hand Weapons
 a - a +0 spear
 s - a +0 short sword of venom (weapon)
 u - a +1 rapier of speed
Armour
 b - a +0 animal skin
 h - a +0 ring mail
 k - a +1 leather armour of willpower (worn)
Jewellery
 d - a ring of ice
Scrolls
 c - 3 scrolls of identify {unknown}
 e - 3 scrolls of butterflies {unknown}
 f - a scroll of magic mapping {unknown}
 g - 2 scrolls of amnesia {unknown}
 j - 2 scrolls of teleportation {unknown}
 l - a scroll of fear {unknown}
 m - 5 scrolls of noise {unknown}
 p - a scroll of poison {unknown}
 v - a scroll of vulnerability {unknown}
Potions
 i - a potion of might {unknown}
 n - a potion of invisibility {unknown}
 o - 2 potions of resistance {unknown}
 q - 3 potions of heal wounds
 r - a potion of brilliance {unknown}
 t - 4 potions of flight
 w - a potion of curing


   Skills:
 * Level 6.7 Fighting
 * Level 2.5 Short Blades
 + Level 7.5 Polearms
 + Level 4.2 Armour
 + Level 3.9 Dodging
 + Level 1.2 Stealth


You had 6 spell levels left.
You didn't know any spells.
Your spell library was empty.

Dungeon Overview and Level Annotations

Branches:
Dungeon (5/15)              Sewer (visited)
 Temple: D:4-7

Altars:
Ashenzari
Dithmenos
Kikubaaqudgha
Sif Muna
Trog
Uskayaw
Wu Jian


Innate Abilities, Weirdness & Mutations

You have a pair of horns on your head.
You reflexively headbutt those who attack you in melee.


Message History

The ufetubus is severely wounded.
A gnoll comes into view. It is wielding a +0 flail.
The ufetubus hits you but does no damage.
The ufetubus hits you.
The gnoll shouts!
You hit the ufetubus.
You kill the ufetubus!
Trog accepts your kill.
Found 10 gold pieces.
The gnoll barely misses you. The gnoll misses you. You furiously retaliate!
You headbutt the gnoll, but do no damage.
An ogre comes into view. It is wielding a +0 giant club.
Found a stone staircase leading down.
The gnoll closely misses you. The ogre hits you with a +0 giant club!
The gnoll attacks as you move away! The gnoll barely misses you.
The ogre closely misses you. You furiously retaliate!
You headbutt the ogre. The gnoll attacks as you move away!
The gnoll closely misses you. You furiously retaliate!
You headbutt the gnoll! The ogre attacks as you move away!
The ogre closely misses you. You furiously retaliate!
You headbutt the ogre! You hit the gnoll but do no damage.
The gnoll is poisoned.
The gnoll is heavily wounded.
The gnoll hits you with a +0 flail!
You barely miss the gnoll. Your headbutt misses the gnoll.
The gnoll is severely wounded.
The gnoll closely misses you. The ogre misses you.
You hit the gnoll but do no damage.
The gnoll looks as sick as possible!
Your headbutt misses the gnoll.
The gnoll is severely wounded.
You kill the gnoll!
Trog accepts your kill.
You hit the ogre.
The ogre is poisoned.
You headbutt the ogre!
The ogre is severely wounded.
The ogre hits you with a +0 giant club!!
* * * LOW HITPOINT WARNING * * *
You hit the ogre.
The ogre is severely wounded.
The ogre hits you with a +0 giant club!
You die...

.>. ... #.# #.# ##
###.### #. .....
#####.#####.######
..$#>#........)@# #
#.........$..O......#
#.#....#.†######.#.####
#.#.......# #.#...
#..<...)..# #.# ###
...#...####.. ..#
...)).).....# ###
...#.####...#
....)...#..##


You could see an ogre (very poisoned).

Vanquished Creatures
  Eustachio (D:4)
  A steam dragon (D:4)
  An orc warrior (D:4)
  A kobold brigand (Sewer)
  2 howler monkeys (D:5)
  2 hounds
  A gnoll bouda (D:5)
  A jelly (D:4)
  An iguana (D:5)
  An orc wizard (D:3)
  4 gnolls (D:5)
  8 adders
  2 river rats
  2 ufetubi (D:5)
  3 worms
  2 dart slugs
  18 orcs
  3 ball pythons
  4 endoplasms
  A giant cockroach (D:3)
  7 hobgoblins
  A jackal (Sewer)
  A quokka (D:2)
  7 bats
  3 frilled lizards
  5 goblins
  5 kobolds
  7 rats
95 creatures vanquished.

Vanquished Creatures (others)
  An adder (D:4)
  7 plants
8 creatures vanquished.

Grand Total: 103 creatures vanquished

Notes
Turn   | Place    | Note
-------+----------+-------------------------------------------
     0 | D:1      | Ast3rio the Minotaur Berserker began the quest for the Orb.
     0 | D:1      | Reached XP level 1. HP: 19/19 MP: 0/0
    99 | D:1      | Found a faded altar of an unknown god.
   448 | D:1      | Reached skill level 4 in Polearms
   448 | D:1      | Reached XP level 2. HP: 27/27 MP: 1/1
  1306 | D:2      | Reached XP level 3. HP: 33/33 MP: 2/2
  1736 | D:3      | Found an ornate altar of the Wu Jian Council.
  1781 | D:3      | Reached XP level 4. HP: 40/41 MP: 3/3
  1920 | D:3      | Reached ** piety under Trog
  1972 | D:3      | Reached skill level 5 in Polearms
  2027 | D:3      | Found a broken altar of Ashenzari.
  2490 | D:3      | Reached skill level 5 in Fighting
  2502 | D:3      | Reached XP level 5. HP: 41/48 MP: 4/4
  2976 | D:4      | Found a shadowy altar of Dithmenos.
  3025 | D:4      | Noticed an orc warrior
  3034 | D:4      | Killed an orc warrior
  3035 | D:4      | Reached skill level 6 in Polearms
  3035 | D:4      | Reached XP level 6. HP: 56/56 MP: 5/5
  3090 | D:4      | Noticed a steam dragon
  3111 | D:4      | Killed a steam dragon
  3395 | D:4      | Noticed Eustachio
  3401 | D:4      | Killed Eustachio
  3402 | D:4      | Reached skill level 1 in Short Blades
  3402 | D:4      | Reached skill level 7 in Polearms
  3402 | D:4      | Reached skill level 1 in Stealth
  3402 | D:4      | Reached XP level 7. HP: 63/63 MP: 6/6
  3698 | D:4      | Found a shimmering blue altar of Sif Muna.
  3698 | D:4      | Found a hide-covered altar of Uskayaw.
  3719 | D:4      | Identified the +8 hand axe of Hesashet {antimagic, rF-
                  | rN+++ Str+7 Int-2}
  3852 | D:4      | Found a bloodstained altar of Trog.
  4028 | D:5      | Entered Level 5 of the Dungeon
  4194 | D:5      | Found an ancient bone altar of Kikubaaqudgha.
  4206 | D:5      | Found a glowing drain.
  4224 | Sewer    | Entered a sewer
  4356 | Sewer    | Reached *** piety under Trog
  4575 | Sewer    | Found a white marble altar of Elyvilon.
  4704 | D:5      | Slain by an ogre

Illustrated notes

Levels and vault maps discovered:
D:1:      spicycebolla_green_bress_n_ham, layout_basic,
          dreamdust_ecumenical_altar_angels_and_demons
D:2:      layout_basic
D:3:      minmay_wonky_spiral, layout_basic, mainiacjoe_overflow_catch_the_wave,
          serial_bayou, serial_bayou_ford_a, serial_bayou_crossing,
          serial_bayou_pond_a, serial_bayou_shore_b
D:4:      layout_loops_ring, nicolae_overflow_two_pavilions, bloody_trog,
          nicolae_dithmenos_shadow_blocks, serial_bayou_lagoon_b, uniq_eustachio
D:5:      layout_basic, nicolae_kikubaaqudgha_miasma_corner,
          minmay_temple_entry_gardened_gates, portal_sewer_entry_a,
          minmay_joined_circles, uniq_menkaure

Skill      XL: |  1  2  3  4  5  6  7 |
---------------+----------------------+-----
Polearms       | 4 5 6 7 |  7.5
Fighting       | 4 5 6 |  6.7
Armour         | 3 4 |  4.2
Dodging        | 3 |  3.9
Short Blades   | 1 2 |  2.5
Stealth        | 1 |  1.2

Action                   |  1- 3 |  4- 6 |  7- 9 || total
-------------------------+-------+-------+-------++-------
Melee: Spear             |    77 |   114 |       ||   191
       Headbutt          |     9 |    20 |    21 ||    50
       Punch             |     1 |     1 |       ||     2
       Short sword       |       |     4 |   101 ||   105
Invok: Berserk           |       |     3 |       ||     3
  Use: Potion            |       |       |     1 ||     1
Armor: Animal skin       |     2 |       |       ||     2
       Ring mail         |    11 |       |       ||    11
       Leather armour    |     2 |    18 |    16 ||    36
Dodge: Dodged            |    29 |    51 |    68 ||   148
